 Dungeon Crawl Stone Soup version 0.29.0-4-gdea44cf6ec (webtiles) character file.

Game seed: 5739009887731608724

4 qw the Firebug (level 1, 0/15 HPs)
             Began as a Ghoul Fire Elementalist on Aug 29, 2022.
             Constricted to death by a ball python (1 damage)
             ... on level 1 of the Dungeon.
             The game lasted 00:00:13 (274 turns).

qw the Firebug (Ghoul Fire Elementalist)             Turns: 274, Time: 00:00:13

Health: 0/15       AC:  2    Str: 11    XL:     1   Next: 70%
Magic:  2/2        EV:  9    Int: 10    God:
Gold:   8          SH:  0    Dex:  9    Spells: 2/3 levels left

rFire   . . .      SeeInvis .     - Unarmed
rCold   + . .      Faith    .   (no shield)
rNeg    + + +      Spirit   .   a - +0 robe
rPois   inf        Reflect  .   (no helmet)
rElec   .          Harm     .   (no cloak)
rCorr   .          Rampage  .   (no gloves)
Will    .....                   (no boots)
Stlth   ++........              (no amulet)
HPRegen 0.00/turn               (no ring)
MPRegen 0.08/turn               (no ring)

@: inhibited regen, constricted
A: claws 1, cold resistance 1, negative energy resistance 3, inhibited
regeneration, torment resistance 2, devour on kill
a: no special abilities


You were on level 1 of the Dungeon.
You visited 1 branch of the dungeon, and saw 1 of its levels.

You collected 8 gold pieces.


Innate Abilities, Weirdness & Mutations

You are immune to poison.
You have sharp fingernails.
Your flesh is cold resistant. (rC+)
You are immune to negative energy. (rN+++)
You do not regenerate when monsters are visible.
You are immune to unholy pain and torment.
You thrive by killing the living.


   Skills:
 + Level 0.4 Fighting
 - Level 1.7 Dodging
 - Level 2.1 Stealth
 - Level 1.0 Unarmed Combat
 - Level 1.7 Spellcasting
 - Level 0.7 Conjurations
 - Level 2.4 Fire Magic


You had 2 spell levels left.
You knew the following spells:

 Your Spells              Type           Power      Damage    Failure   Level
a - Foxfire               Conj/Fire      16%        2x1d4     17%         1

Your spell library contained the following spells:

 Spells                   Type           Power      Damage    Failure   Level
 Scorch                   Fire           10%        2d6       19%         2
 Conjure Flame            Conj/Fire      4%         6-21      45%         3
 Inner Flame              Hex/Fire       3%         N/A       52%         3
 Flame Wave               Conj/Fire      4%         2d5       86%         4

Inventory:

Armour
 a - a +0 robe (worn)
Scrolls
 c - a scroll of identify {unknown}
 d - a scroll of blinking {unknown}
Potions
 b - a potion of magic

Dungeon Overview and Level Annotations

Branches:
Dungeon (1/15)

Altars:


Message History

There is a stone staircase leading down here.
A ball python comes into view.
The ball python hisses angrily.
You hear a shout!
A kobold comes into view. It is wielding a +0 whip.
You closely miss the ball python. The ball python barely misses you. x2
The ball python bites you but does no damage.
The ball python barely misses you.
You scratch the ball python but do no damage.
The ball python barely misses you. The ball python grabs you.
The ball python constricts you.
You closely miss the ball python. The ball python bites you.
The ball python constricts you.
You scratch the ball python.
The ball python is severely wounded.
The ball python barely misses you. The ball python constricts you.
You closely miss the ball python.
The ball python is severely wounded.
The ball python bites you but does no damage.
The ball python constricts you.
You completely miss the ball python.
You claw the ball python, but do no damage.
The ball python is severely wounded.
The ball python bites you. The ball python constricts you.
The kobold barely misses you. The ball python bites you.
The ball python constricts you.
You closely miss the ball python.
The ball python is severely wounded.
The kobold hits you with a +0 whip. The ball python bites you.
The ball python constricts you.
You scratch the ball python but do no damage.
The ball python is severely wounded.
The kobold closely misses you.
The ball python bites you but does no damage.
The ball python constricts you.
You closely miss the ball python.
The ball python is severely wounded.
The kobold barely misses you. The ball python barely misses you.
The ball python constricts you.
You die...

### #.##.........#.#.#
..#####.###.#.#..#.....#
#.......###.#.#..###.###
#.####...............#
..# #.####.###...####
..# #.# #.###...# .##
#.# #.......# ## #.#
#####...# ##.# #.@.#
#..# #KS.# # #.## #...#
#####.# ..... ......#
....... ##.####
......... ##......#
####...##.# ##.######
#...# .. ##.#


You could see a ball python and a kobold.

Vanquished Creatures
  A bat (D:1)
  An endoplasm (D:1)
  A ball python (D:1)
  A frilled lizard (D:1)
  A rat (D:1)
5 creatures vanquished.

Notes
Turn   | Place    | Note
-------+----------+-------------------------------------------
     0 | D:1      | qw the Ghoul Fire Elementalist began the quest for the Orb.
     0 | D:1      | Reached XP level 1. HP: 14/14 MP: 2/2
     0 | D:1      | 0 ||| qw: Version: 0.1-a-90-g952f4b7
     0 | D:1      | 0 ||| qw: Game counter: 3995
     0 | D:1      | 0 ||| qw: Always use a shield: true
     0 | D:1      | 0 ||| qw: God list: Okawaru
     0 | D:1      | 0 ||| qw: Allow faded altars: false
     0 | D:1      | 0 ||| qw: Do Orc after D:15 true
     0 | D:1      | 0 ||| qw: Do second Lair branch before Depths: true
     0 | D:1      | 0 ||| qw: Lair rune preference: random
     0 | D:1      | 0 ||| qw: Plans: Normal
     0 | D:1      | 0 ||| PLANNING D:1-11
    94 | D:1      | Reached skill level 1 in Unarmed Combat
   272 | D:1      | HP: 3/15 [ball python (2)]
   273 | D:1      | HP: 1/15 [constriction (1)]
   274 | D:1      | Constricted to death by a ball python

Levels and vault maps discovered:
D:1:      doesnt_arrival_eight_statues, layout_loops_cross, serial_shops,
          nicolae_shop_trees, shop, shop, corexii_item_surrounded_by_moat

Skill      XL: |  1 |
---------------+----+-----
Unarmed Combat | 1 |  1.0
Fighting       | |  0.4
Dodging        | |  1.7
Stealth        | |  2.1
Spellcasting   | |  1.7
Conjurations   | |  0.7
Fire Magic     | |  2.4

Action                   || total
-------------------------++-------
Melee: Unarmed           ||    23
       Punch             ||     1
Armor: Robe              ||     5
Dodge: Dodged            ||    16

Table legend:
 A = Non-vault XP
 B = Vault XP
 C = Vault XP percentage of total XP
 D = Non-vault monster count
 E = Vault monster count
 F = Vault count percentage of total count
                 A         B        C        D         E       F
            +---------+---------+-------+---------+---------+-------
      Total |       7 |       0 |   0.0 |       5 |       0 |   0.0
            +---------+---------+-------+---------+---------+-------
        D:1 |       7 |       0 |   0.0 |       5 |       0 |   0.0
            +---------+---------+-------+---------+---------+-------
